 Dungeon Crawl Stone Soup version 0.17-a0-1701-gf693a3f (webtiles) character file.

89 vatarom the Sneak (level 4, 0/42 HPs)
             Began as a Naga Transmuter on Aug 21, 2015.
             Slain by an adder (1 damage)
             ... on level 2 of the Dungeon.
             The game lasted 00:05:32 (2091 turns).

vatarom the Sneak (Naga Transmuter)                 Turns: 2091, Time: 00:05:32

Health: 0/42       AC:  2    Str: 12    XL:     4   Next: 55%
Magic:  6/7        EV: 10    Int: 15    God:
Gold:   128        SH:  0    Dex: 11    Spells: 2 memorised, 3 levels left

rFire  + . .     SeeInvis +       - Unarmed
rCold  . . .     Clarity  .     b - +0 robe
rNeg   . . .     SustAt   .     (no shield)
rPois  +         Gourm    .     (no helmet)
rElec  .         Spirit   .     (no cloak)
rCorr  .         Warding  .     (no gloves)
rMut   .         Stasis   .     (no barding)
MR     .....                    (no amulet)
Stlth  +++.......               (no ring)
                                e - ring of protection from fire

@: lethally poisoned (0 -> -2), appendage (expiring), very slow, not resistant
to hostile enchantments, fairly stealthy
A: horns 2, see invisible, deformed body, poison resistance, slowness 2, slow
metabolism 1, spit poison 2, AC +1
a: Spit Poison, End Transformation


You were on level 2 of the Dungeon.
You were hungry.
You had grown temporary horns.
You visited 1 branch of the dungeon, and saw 2 of its levels.

You collected 128 gold pieces.

Inventory:

Missiles
 a - 12 arrows
Armour
 b - a +0 robe (worn)
Jewellery
 e - a ring of protection from fire (left hand)
Scrolls
 d - 2 scrolls of identify
 h - a scroll of fear
Books
 c - a book of Changes

   Spells                             Type                      Level
   a - Beastly Appendage              Transmutation                1
   b - Sticks to Snakes               Transmutation                2
   c - Spider Form                    Transmutation/Poison         3
   d - Ice Form                       Ice/Transmutation            4
   e - Blade Hands                    Transmutation                5
Comestibles
 f - a meat ration
 g - a bread ration


   Skills:
 + Level 3.0 Fighting
 - Level 1.5 Dodging
 - Level 4.3 Stealth
 - Level 3.0 Unarmed Combat
 - Level 2.0 Spellcasting
 - Level 2.0 Transmutations


You had 3 spell levels left.
You knew the following spells:

 Your Spells              Type           Power        Failure   Level  Hunger
a - Beastly Appendage     Trmt           #.....       12%         1    #......
b - Spider Form           Trmt/Pois      #.........   43%         3    ###....


Dungeon Overview and Level Annotations

Branches:
Dungeon (2/15)

Altars:


Innate Abilities, Weirdness & Mutations

You cannot wear boots.
Your serpentine skin is tough (AC +1).
You have supernaturally acute eyesight.
Armour fits poorly on your strangely shaped body.
Your system is resistant to poisons.
You cover ground very slowly.
You have a slow metabolism.
You can spit poison.
You have a pair of horns on your head.


Message History

The bat barely misses you. x2
The adder bites you.
* * * LOW HITPOINT WARNING * * *
You hit the adder.
The adder is severely wounded.
The bat hits you but does no damage. The adder bites you.
* * * LOW HITPOINT WARNING * * *
You miss the adder.
The adder is severely wounded.
The adder bites you.
* * * LOW HITPOINT WARNING * * *
The bat barely misses you. The adder bites you.
* * * LOW HITPOINT WARNING * * *
You aren't carrying any potions.
You hit the adder. Your headbutt misses the adder.
The adder is almost dead.
The bat hits you.
* * * LOW HITPOINT WARNING * * *
The adder bites you.
You die...

#....##.#.#.......>#
#.......#.#.......##
#.....###.#.......# #####.#
#.#.......# # #.#
#.#.......# #.#
#.#.......##
#####)###.#........#####
#.........#.......(....##
#.#.......#.....@b..##..#
..............##S##.....##
..8........####Kl.####...##
.8.8.....###..#...#..###..#
8._.8...##.#..#...#..#.##.#
.8.8....'..#..#...#).#(†'.#
..8.....##.#††#...#..#.##.#
.........###..#...#.†###..#
###........##'#$["#'##...##


You could see an adder, a bat, a kobold and a giant newt.

Vanquished Creatures
  3 adders (D:2)
  2 ball pythons
  8 bats
  3 giant cockroaches
  6 hobgoblins
  9 jackals (D:2)
  6 giant newts
  7 goblins
  9 kobolds
  5 rats
58 creatures vanquished.

Notes
Turn   | Place    | Note
--------------------------------------------------------------
     0 | D:1      | vatarom the Naga Transmuter began the quest for the Orb.
     0 | D:1      | Reached XP level 1. HP: 18/18 MP: 3/3
    39 | D:1      | Reached skill level 1 in Stealth
   253 | D:1      | Reached XP level 2. HP: 8/25 MP: 1/5
   699 | D:1      | Reached skill level 4 in Stealth
   703 | D:1      | Reached XP level 3. HP: 8/31 MP: 4/6
  1075 | D:1      | Learned a level 3 spell: Spider Form
  1485 | D:2      | Found a faded altar to an unknown god.
  1498 | D:2      | Reached XP level 4. HP: 27/40 MP: 3/7
  2090 | D:2      | HP: 1/42 [adder (3)]
  2091 | D:2      | Slain by an adder

Vault maps used:
D:1:      sevenhm_arrival_forest_fort_small_2, minmay_box_of_dots
D:2:      wad_woods_pond, ecumenical_altar_2, minmay_divided_ellipse

Action                   |  1- 3 |  4- 6 || total
-------------------------+-------+-------++-------
Melee: Unarmed           |    86 |    61 ||   147
 Cast: Beastly Appendage |    11 |     2 ||    13
       Spider Form       |     2 |       ||     2
 Abil: Spit Poison       |    29 |     3 ||    32
  Use: Scroll            |     4 |     1 ||     5
  Eat: Bread ration      |     1 |       ||     1
